 Dungeon Crawl Stone Soup version 0.26-a0-638-gcca6ad1b57 (webtiles) character file.

Game seed: 4938923972723551902

73494 Gottschkopf the Slayer (level 15, -1/205 HPs)
             Began as an Ogre Berserker on Sept 11, 2020.
             Was an Elder of Trog.
             Slain by an eight-headed hydra (15 damage)
             ... on level 4 of the Lair of Beasts on Sept 14, 2020.
             The game lasted 01:27:14 (23813 turns).

Gottschkopf the Slayer (Ogre Berserker)            Turns: 23813, Time: 01:27:15

Health: -1/205     AC:  0    Str: 30    XL:     15   Next: 43%
Magic:  4/13       EV: 16    Int:  8    God:    Trog [****..]
Gold:   1939       SH:  0    Dex:  8    Spells: 14/14 levels left

rFire    . . .     SeeInvis .   (weapon currently unavailable)
rCold    . . .     Faith    .   (shield currently unavailable)
rNeg     . . .     Spirit   .   (armour currently unavailable)
rPois    .         Reflect  .   (helmet currently unavailable)
rElec    .         Harm     .   (cloak currently unavailable)
rCorr    .         Rampage  .   (gloves unavailable)
MR       +....                  (boots unavailable)
Stlth    +.........             y - amulet of regeneration
HPRegen  0.84/turn              (ring currently unavailable)
MPRegen  0.13/turn              (ring currently unavailable)

@: pig-form, slowed
A: small, unfitting armour, repulsion field 1, low mp 1, robust 1
a: Berserk, Trog's Hand, Brothers in Arms, Renounce Religion


You were on level 4 of the Lair of Beasts.
You worshipped Trog.
Trog was greatly pleased with you.
You were a filthy swine.
You visited 4 branches of the dungeon, and saw 21 of its levels.
You visited the Abyss 1 time.
You also visited: Ice Cave.

You collected 2175 gold pieces.
You spent 236 gold pieces at shops.

Inventory:

Hand Weapons
 q - a +3 giant spiked club
 x - a +0 triple crossbow
 F - a +3 flail of freezing
 T - a +4 vorpal executioner's axe
 U - a +3 eveningstar of flaming
 Y - a +6 antimagic war axe (melded)
Missiles
 P - 23 large rocks (quivered)
Armour
 o - +8 storm dragon scales (melded)
 w - a scarf of repulsion (melded)
 V - a +1 hat (melded)
Jewellery
 b - an uncursed ring of see invisible
 c - the ring of Biohif {rF+ Dex+2}
   (You found it on level 3 of the Lair of Beasts)

   [ring of protection from fire]

   It affects your dexterity (+2).
   It protects you from fire.
 i - a +6 ring of strength (melded)
 m - a +4 ring of slaying (melded)
 s - an uncursed ring of protection from fire
 y - an amulet of regeneration (around neck)
 A - an uncursed ring of positive energy
 B - an uncursed ring of protection from magic
 N - an uncursed amulet of faith
 Q - an uncursed ring of positive energy
 R - an uncursed ring of resist corrosion
 S - an uncursed ring of ice
 Z - an uncursed ring of ice
Wands
 l - a wand of flame (44)
 p - a wand of iceblast (20)
 u - a wand of disintegration (52)
 C - a wand of random effects (35)
 X - a wand of digging (4)
Scrolls
 e - a scroll of fear
 f - a scroll of acquirement {unknown}
 g - 5 scrolls of fog
 j - 6 scrolls of teleportation
 G - 9 scrolls of remove curse
 H - a scroll of silence {unknown}
 I - 2 scrolls of holy word {unknown}
 J - a scroll of torment {unknown}
 L - a scroll of summoning {unknown}
 O - 2 scrolls of magic mapping
Potions
 d - 7 potions of flight
 h - 3 potions of heal wounds
 k - 2 potions of invisibility
 n - 4 potions of resistance
 r - 4 potions of haste
 t - a potion of might {unknown}
 v - 4 potions of stabbing
 z - 6 potions of curing
 D - 3 potions of magic
 E - 2 potions of berserk rage {unknown}
 M - a potion of ambrosia
 W - a potion of lignification
Miscellaneous
 a - a phial of floods
 K - a phantom mirror


   Skills:
 + Level 21.0 Fighting
 - Level 9.3(11.8) Axes
 - Level 11.0(12.1) Maces & Flails
 - Level 6.4 Throwing
 - Level 11.0 Armour
 - Level 2.6 Dodging


You had 14 spell levels left.
You didn't know any spells.
Your spell library contained the following spells:

 Spells                   Type           Power        Failure   Level
 Beastly Appendage        Tmut           #.....       41%         1
 Freeze                   Ice            #...         41%         1
 Magic Dart               Conj           #...         41%         1
 Blink                    Tloc           N/A          54%         2
 Call Imp                 Summ           #.......     54%         2
 Slow                     Hex            #.......     54%         2
 Wereblood                Tmut           #.......     54%         2
 Conjure Flame            Conj/Fire      #.......     78%         3
 Frozen Ramparts          Ice            #.....       78%         3
 Mephitic Cloud           Conj/Pois/Air  #.......     78%         3
 Spider Form              Tmut/Pois      #.........   78%         3
 Ice Form                 Ice/Tmut       #.......     99%         4
 Leda's Liquefaction      Hex/Erth       #.........   99%         4
 Blade Hands              Tmut           #.........   100%        5
 Bolt of Magma            Conj/Fire/Erth #.........   100%        5
 Iskenderun's Battlesphe  Conj           #.......     100%        5
 Metabolic Englaciation   Hex/Ice        #.........   100%        5
 Summon Demon             Summ           #.........   100%        5
 Summon Forest            Summ/Tloc      #.........   100%        5
 Summon Mana Viper        Hex/Summ       #.......     100%        5
 Iron Shot                Conj/Erth      #.........   100%        6
 Shadow Creatures         Summ           N/A          100%        6
 Simulacrum               Ice/Necr       #.........   100%        6
 Orb of Destruction       Conj           #.........   100%        7
 Spellforged Servitor     Conj/Summ      #.........   100%        7
 Summon Hydra             Summ           #.........   100%        7


Dungeon Overview and Level Annotations

Branches:
Dungeon (13/15)            Temple (1/1) D:6            Lair (5/6) D:10
 Shoals (0/4) Lair:2        Snake (0/4) Lair:2          Orc (2/2) D:10
    Elf (0/3) Orc:2        Vaults (0/5) D:13          IceCv (visited)
  Slime: Lair:5-6

Altars:
Cheibriados
Dithmenos
Makhleb
Okawaru
Ru
Trog
Uskayaw
Wu Jian
Xom
Yredelemnul
The Shining One
Beogh

Shops:
Orc:2 [(:!

Portals:
Abyss: Orc:2
Trove: D:12 (give +3 storm dragon scales)

Annotations:
D:12 3 runed translucent doors
Lair:4 Kirke
Orc:2 2 transporters, haldagan's ghost, journeyman OgTm


Innate Abilities, Weirdness & Mutations

You are too large for most types of armour.
((You have tough skin. (AC +1)))
You are surrounded by a mild repulsion field. (EV +2)
((Your flesh is cold resistant. (rC+)))
Your magical capacity is low. (-10% MP)
You are robust. (+10% HP)


Message History

The eight-headed hydra bites you!!
* * * LOW HITPOINT WARNING * * *
The eight-headed hydra bites you.
* * * LOW HITPOINT WARNING * * *
The hog misses you. Kirke barely misses you.
You climb upwards.
There is a stone staircase leading down here.
You feel much better. The hog completely misses you. The hog bites you!
* * * LOW HITPOINT WARNING * * *
The hog closely misses you. The eight-headed hydra bites you.
* * * LOW HITPOINT WARNING * * *
The eight-headed hydra bites you.
* * * LOW HITPOINT WARNING * * *
The eight-headed hydra misses you. The eight-headed hydra bites you!!
* * * LOW HITPOINT WARNING * * *
The eight-headed hydra barely misses you.
The eight-headed hydra bites you!
* * * LOW HITPOINT WARNING * * *
The eight-headed hydra bites you!
You die...

#.####..#...................
##.###...##..................
#P..#P.......................
##.##.....≈..≈...............
#.###...≈≈≈≈≈≈≈≈............
#..##..≈≈≈≈≈≈≈≈....#..###.##
#.###.≈≈≈≈≈≈≈≈≈≈...####.....
#.#..+.≈≈≈h@.≈≈≈....##......
##.....≈≈≈≈Dh≈≈≈≈≈...#...##..
#P.....≈≈≈≈hh≈≈≈≈....##.#####
##......≈≈≈≈≈≈≈≈≈....##.##..(
#P......≈≈≈≈≈≈≈≈≈....#..##)..
##.......≈≈≈≈≈≈≈≈.......†####
#..†......≈.≈≈......##.....#
##...#.#..##..........#.....#
#....##..##.#.........#######
##...#......#....†...........


You could see Kirke, an eight-headed hydra and 3 hogs.

Vanquished Creatures
  Gastronok (Lair:1)
  A white draconian (IceCv)
  Josephine (D:10)
  8 vault guards (D:13)
  Harold (D:9)
  Fannar (D:10)
  5 hydras
  An ice dragon (Lair:3)
  A centaur warrior (D:13)
  An anaconda (Lair:4)
  2 two-headed ogres
  A tengu warrior (D:12)
  Urug (Lair:1)
  An orc high priest (Orc:1)
  2 unseen horrors
  A lindwurm (Lair:2)
  An orc knight (Orc:2)
  6 cyclopes
  An oklob plant (Lair:4)
  7 orc sorcerers (Orc:2)
  3 ugly things
  3 elephants (Lair:3)
  3 centaur zombies
  7 black mambas
  An ice statue (IceCv)
  4 rime drakes
  17 cane toads
  A tengu conjurer (D:12)
  A redback zombie (D:13)
  3 trolls
  13 polar bears
  4 dream sheep (Lair:4)
  10 hippogriffs
  A blink frog (Lair:2)
  A vampire (D:10)
  8 wraiths
  2 wyverns
  69 yaks
  4 basilisks
  4 hogs
  2 humans (D:7)
  4 vampire mosquitoes (D:12)
  A naga (Lair:2)
  5 wargs (Orc:2)
  10 water moccasins
  10 porcupines
  A soldier ant (D:13)
  19 orc warriors
  2 black bears
  3 ice beasts
  2 phantoms
  A small abomination (D:10)
  13 ogres
  16 wolves
  7 sky beasts
  A necrophage (D:7)
  9 centaurs
  13 crocodiles
  2 big kobolds
  14 bullfrogs
  A gnoll sergeant (D:6)
  A wyvern zombie (D:9)
  4 scorpions
  13 killer bees
  20 wights
  5 howler monkeys
  An electric eel (Lair:2)
  2 quasits
  A bullfrog zombie (D:11)
  11 orc priests
  8 hounds
  3 bullfrog skeletons
  3 jellies
  Crazy Yiuf (D:5)
  3 centaur skeletons
  Natasha (D:3)
  7 hell rats (Lair:4)
  5 iguanas
  37 orc wizards
  9 worker ants
  A killer bee zombie (D:9)
  2 hound skeletons (D:4)
  A worker ant zombie (D:8)
  16 adders
  11 gnolls
  A howler monkey skeleton (D:5)
  3 shadow imps
  2 white imps (D:5)
  3 oozes
  2 worms
  2 dart slugs
  5 leopard geckos
  87 orcs
  5 giant cockroaches
  9 goblins
  10 hobgoblins
  14 jackals
  4 quokkas
  3 ball pythons
  11 bats
  4 frilled lizards
  A jackal skeleton (D:5)
  A jackal zombie (D:7)
  20 kobolds
  10 rats
702 creatures vanquished.

Vanquished Creatures (others)
  3 orc wizards (Orc:2)
  6 fungi
  23 plants
32 creatures vanquished.

Grand Total: 734 creatures vanquished

Notes
Turn   | Place    | Note
-------+----------+-------------------------------------------
     0 | D:1      | Gottschkopf the Ogre Berserker began the quest for the Orb.
     0 | D:1      | Reached XP level 1. HP: 24/24 MP: 1/1
    91 | D:1      | Reached XP level 2. HP: 31/33 MP: 2/2
   102 | D:1      | Reached skill level 5 in Fighting
   258 | D:1      | Reached XP level 3. HP: 35/42 MP: 3/3
   637 | D:2      | Reached skill level 6 in Fighting
   758 | D:1      | Reached XP level 4. HP: 21/53 MP: 4/4
  1251 | D:2      | Reached skill level 7 in Fighting
  1476 | D:2      | Reached ** piety under Trog
  1563 | D:2      | Reached XP level 5. HP: 61/62 MP: 5/5
  1976 | D:3      | Noticed a sky beast
  1984 | D:3      | Killed a sky beast
  1984 | D:3      | Reached skill level 8 in Fighting
  2031 | D:3      | Reached XP level 6. HP: 56/74 MP: 6/6
  2477 | D:3      | Reached skill level 9 in Fighting
  2757 | D:3      | Found a sacrificial altar of Ru.
  2873 | D:3      | Found a faded altar of an unknown god.
  2956 | D:3      | Noticed Natasha
  2964 | D:3      | Killed Natasha
  2986 | D:3      | Reached *** piety under Trog
  3190 | D:4      | Reached skill level 10 in Fighting
  3190 | D:4      | Reached XP level 7. HP: 72/85 MP: 7/7
  3318 | D:4      | Reached skill level 1 in Maces & Flails
  3920 | D:5      | Entered Level 5 of the Dungeon
  3920 | D:5      | Found a snail-covered altar of Cheibriados.
  4195 | D:5      | Found a runed translucent door.
  4196 | D:5      | Noticed Crazy Yiuf
  4198 | D:5      | Got a crystal mace
  4206 | D:5      | Killed Crazy Yiuf
  4212 | D:5      | Identified the +3 mace "Winwer" {antimagic, rElec Int-2
                  | Dex+5} (You found it on level 5 of the Dungeon)
  4361 | D:5      | Reached XP level 8. HP: 93/93 MP: 2/8
  4463 | D:5      | Found an ornate altar of the Wu Jian Council.
  4633 | D:5      | Reached skill level 5 in Maces & Flails
  5100 | D:6      | Reached **** piety under Trog
  5179 | D:6      | Found a glowing golden altar of the Shining One.
  5261 | D:6      | Noticed a +0 dagger
  5261 | D:6      | Noticed a +0 dagger
  5262 | D:6      | Found a hide-covered altar of Uskayaw.
  5305 | D:6      | Found a staircase to the Ecumenical Temple.
  5313 | Temple   | Entered the Ecumenical Temple
  5671 | D:6      | Found a shadowy altar of Dithmenos.
  5671 | D:6      | Found a burning altar of Makhleb.
  5951 | D:7      | Reached XP level 9. HP: 101/101 MP: 3/9
  6188 | D:7      | Found a bloodstained altar of Trog.
  6523 | D:7      | Found a burning altar of Makhleb.
  6610 | D:7      | Reached skill level 1 in Armour
  7213 | D:7      | Found an iron altar of Okawaru.
  7370 | D:8      | Noticed a two-headed ogre
  7380 | D:8      | Killed a two-headed ogre
  7380 | D:8      | Reached ***** piety under Trog
  7380 | D:8      | Reached XP level 10. HP: 110/110 MP: 3/10
  8259 | D:8      | HP: 6/165 [orc/+0 whip (4)]
  8795 | D:8      | Gained mutation: You are partially covered in molten
                  | scales. (AC +2) [potion of mutation]
  8795 | D:8      | Gained mutation: You tend to lose your temper in combat.
                  | [potion of mutation]
  8795 | D:8      | Gained mutation: Your mind is acute. (Int +2) [potion of
                  | mutation]
  8796 | D:8      | Lost mutation: Your mind is acute. (Int +2) [potion of
                  | mutation]
  8796 | D:8      | Lost mutation: You tend to lose your temper in combat.
                  | [potion of mutation]
  8796 | D:8      | Lost mutation: You are partially covered in molten scales.
                  | (AC +2) [potion of mutation]
  8796 | D:8      | Gained mutation: Your magical capacity is low. (-10% MP)
                  | [potion of mutation]
  8796 | D:8      | Gained mutation: Your spells are a little harder to cast,
                  | but a little more powerful. [potion of mutation]
  9393 | D:9      | Noticed Harold
  9416 | D:9      | Killed Harold
  9420 | D:9      | Upgraded the game from 0.26-a0-613-g4f23886233 to
                  | 0.26-a0-638-gcca6ad1b57
  9436 | D:9      | Found a snail-covered altar of Cheibriados.
  9886 | D:9      | Reached XP level 11. HP: 64/117 MP: 9/9
 10614 | D:10     | Entered Level 10 of the Dungeon
 10614 | D:10     | Found a staircase to the Orcish Mines.
 10867 | D:10     | Found a staircase to the Lair.
 11011 | D:10     | Noticed Josephine
 11021 | D:10     | Killed Josephine
 11021 | D:10     | Reached skill level 10 in Armour
 11718 | D:10     | Noticed Fannar
 11749 | D:10     | Killed Fannar
 11933 | D:10     | Reached skill level 11 in Fighting
 12071 | D:11     | Noticed a white ugly thing
 12074 | D:11     | Killed a white ugly thing
 12080 | D:11     | Noticed a cyclops
 12088 | D:11     | Killed a cyclops
 12095 | D:11     | Noticed a cyclops
 12103 | D:11     | Killed a cyclops
 12103 | D:11     | Reached skill level 12 in Fighting
 12141 | D:11     | Killed an unseen horror
 12141 | D:11     | Reached XP level 12. HP: 49/133 MP: 10/10
 12308 | D:11     | Found a glowing golden altar of the Shining One.
 12332 | D:11     | Received a gift from Trog
 12422 | D:11     | Reached skill level 13 in Fighting
 12775 | D:11     | You fall into a shaft and drop 2 floors!
 12829 | D:13     | Found a stormy altar of Qazlal.
 12831 | D:13     | Found a hazy altar of Hepliaklqana.
 12831 | D:13     | Found a shimmering altar of Xom.
 12833 | D:13     | Found a basalt altar of Yredelemnul.
 12833 | D:13     | Found a burning altar of Makhleb.
 12833 | D:13     | Found a snail-covered altar of Cheibriados.
 12866 | D:13     | Noticed a vault guard
 12866 | D:13     | Noticed a vault guard
 12866 | D:13     | Noticed a vault guard
 12867 | D:13     | Noticed a vault guard
 12936 | D:13     | Killed a vault guard
 12941 | D:13     | Killed a vault guard
 12941 | D:13     | Reached skill level 14 in Fighting
 12999 | D:13     | Found a gate to the Vaults.
 13035 | D:13     | Noticed a vault guard
 13050 | D:13     | Killed a vault guard
 13073 | D:13     | Noticed a centaur warrior
 13079 | D:13     | Noticed a vault guard
 13081 | D:13     | Killed a centaur warrior
 13081 | D:13     | Reached skill level 15 in Fighting
 13086 | D:13     | Killed a vault guard
 13154 | D:13     | Noticed a vault guard
 13170 | D:13     | Killed a vault guard
 13384 | D:13     | Reached skill level 16 in Fighting
 13459 | D:12     | Found a portal to a secret trove of treasure.
 13822 | D:11     | Reached skill level 17 in Fighting
 13887 | D:11     | Reached XP level 13. HP: 148/156 MP: 11/11
 14280 | D:12     | Found a runed translucent gate.
 14295 | D:12     | Found a runed translucent gate.
 14296 | D:12     | Noticed a white very ugly thing
 14297 | D:12     | Found a runed translucent gate.
 14298 | D:12     | Noticed a white very ugly thing
 14666 | D:12     | Reached skill level 5 in Throwing
 14953 | D:13     | Killed a vault guard
 15449 | D:13     | Noticed a vault guard
 15472 | D:13     | Killed a vault guard
 15479 | D:13     | Killed a vault guard
 15635 | Orc:1    | Entered Level 1 of the Orcish Mines
 15652 | Orc:1    | Cast into level 1 of the Abyss (orc)
 15693 | Abyss:1  | Noticed a great orb of eyes
 15696 | Abyss:1  | Paralysed by a great orb of eyes for 3 turns
 15702 | Orc:1    | Escaped the Abyss
 15874 | Orc:1    | Received a gift from Trog
 15998 | Orc:1    | Reached ****** piety under Trog
 16319 | Orc:1    | Found a roughly hewn altar of Beogh.
 16458 | Orc:2    | Entered Level 2 of the Orcish Mines
 16484 | Orc:2    | Noticed a purple very ugly thing
 16504 | Orc:2    | Reached skill level 18 in Fighting
 16516 | Orc:2    | Found a transporter.
 16520 | Orc:2    | Found a staircase to the Elven Halls.
 16602 | Orc:2    | Paralysed by an orc sorcerer for 6 turns
 16900 | Orc:2    | Found Jutotheo's Antique Armour Emporium.
 16900 | Orc:2    | Found Quidif's Antique Weapon Shop.
 16905 | Orc:2    | Bought an embroidered scarf for 224 gold pieces
 16953 | Orc:2    | Found a transporter.
 17118 | Orc:2    | Noticed haldagan's ghost (journeyman OgTm)
 17124 | Orc:2    | Identified the +6 executioner's axe of Egomania {distort,
                  | rN+ Dex+2 Stlth+}
 17124 | Orc:2    | Noticed an orc warlord
 17159 | Orc:2    | Found a one-way gate to the infinite horrors of the Abyss.
 17209 | Orc:2    | Found a roughly hewn altar of Beogh.
 17212 | Orc:2    | Received a gift from Trog
 17252 | Orc:2    | Found Hizeonai's Distillery.
 17252 | Orc:2    | Found Mebosedgh's Book Emporium.
 17395 | Orc:2    | Bought a potion of degeneration for 12 gold pieces
 17416 | Orc:2    | Found a roughly hewn altar of Beogh.
 18093 | Lair:1   | Entered Level 1 of the Lair of Beasts
 18093 | Lair:1   | Found a frozen archway.
 18202 | Lair:1   | Lost mutation: Your spells are a little harder to cast, but
                  | a little more powerful. [potion of mutation]
 18202 | Lair:1   | Lost mutation: Your magical capacity is low. (-10% MP)
                  | [potion of mutation]
 18202 | Lair:1   | Gained mutation: Your movements are slightly less
                  | encumbered by armour. (ER -2) [potion of mutation]
 18202 | Lair:1   | Gained mutation: You are clumsy. (Dex -2) [potion of
                  | mutation]
 18202 | Lair:1   | Lost mutation: You are clumsy. (Dex -2) [potion of
                  | mutation]
 18202 | Lair:1   | Gained mutation: You are surrounded by a mild repulsion
                  | field. (EV +2) [potion of mutation]
 18305 | Lair:1   | Noticed Urug
 18317 | Lair:1   | Killed Urug
 18447 | Lair:1   | Noticed Gastronok
 18458 | Lair:1   | Killed Gastronok
 18458 | Lair:1   | Reached skill level 5 in Axes
 18458 | Lair:1   | Reached XP level 14. HP: 170/170 MP: 14/14
 18585 | IceCv    | Entered an ice cave
 18748 | IceCv    | Received a gift from Trog
 19332 | IceCv    | Noticed a white draconian
 19345 | IceCv    | Killed a white draconian
 20108 | Lair:2   | Found a staircase to the Snake Pit.
 20654 | Lair:2   | Reached skill level 10 in Maces & Flails
 20662 | Lair:2   | Received a gift from Trog
 20817 | Lair:2   | Found a staircase to the Shoals.
 21613 | Lair:3   | Reached skill level 19 in Fighting
 22101 | Lair:3   | Reached XP level 15. HP: 149/180 MP: 15/15
 22111 | Lair:3   | Identified the Reference Book on Bewitchment and Ice
 22133 | Lair:3   | Got a steaming brass ring
 22136 | Lair:3   | Identified the ring of Biohif {rF+ Dex+2} (You found it on
                  | level 3 of the Lair of Beasts)
 22572 | Lair:4   | Lost mutation: Your movements are slightly less encumbered
                  | by armour. (ER -2) [potion of mutation]
 22572 | Lair:4   | Gained mutation: Your magical capacity is low. (-10% MP)
                  | [potion of mutation]
 22572 | Lair:4   | Gained mutation: Your flesh is cold resistant. (rC+)
                  | [potion of mutation]
 22572 | Lair:4   | Gained mutation: You are robust. (+10% HP) [potion of
                  | mutation]
 22905 | Lair:4   | Reached skill level 20 in Fighting
 22959 | Lair:4   | Found an ornate altar of the Wu Jian Council.
 23761 | Lair:5   | Noticed Kirke
 23805 | Lair:4   | Reached skill level 21 in Fighting
 23813 | Lair:4   | Slain by an eight-headed hydra

Illustrated notes

Levels and vault maps discovered:
D:1:      dpeg_arrival_ternary, layout_basic
D:2:      layout_basic, serial_curves, eino_curves_02, eino_curves_01,
          eino_curves_02
D:3:      minmay_skewed_foursquare, layout_basic,
          nicolae_overflow_crystal_walls, chequers_ecumenical_altar_lobes,
          uniq_natasha
D:4:      layout_basic, chequers_serial_rivers_micro_c
D:5:      layout_cave_pods, overflow_temple_1_default, basic_altar,
          uniq_crazy_yiuf_cottage
D:6:      layout_loops_cross, kennysheep_mini_moat, dancing_weapons_uskayaw,
          minitemple, minmay_temple_entry_glassed_door, chequers_arboretum,
          minmay_unpleasant_kobolds
D:7:      layout_basic, okawaru_humans, minmay_door_square,
          hangedman_feature_mirror, minmay_crystal_water, grunt_tough_drop
D:8:      layout_layer_cave
D:9:      layout_basic, cheibriados_altar_1, uniq_harold
D:10:     layout_roguey, grunt_lair_entry_orc_guard_hut, uniq_fannar,
          uniq_josephine
D:11:     layout_layer_cave, tso_metal_star
D:12:     layout_basic, nicolae_trove_entry_crossroad,
          ploomutoo_gammafunk_ghost_potion_laboratory
D:13:     layout_stronghold, erik_vaults_2, doesnt_xom_only_xom
Temple:   regret_index_temple_waves
Lair:1:   layout_gridlike, portal_ice_cave_entry_pillars_1,
          eino_small_chamber_without_monster, beast_lair_carwin_2,
          serial_bayou_shore_b, uniq_urug, uniq_gastronok
Lair:2:   layout_regular_city, minmay_shoals_entry_centaurs,
          guppyfry_snake_entry_island, nicolae_quartered_pool_little,
          minmay_shattered_shrine
Lair:3:   dragon1_lemuel, layout_regular_city, infiniplex_staircase_pool
Lair:4:   beast_lair_carwin_large_3, layout_regular_city, basic_altar,
          serial_bayou_shore_b, infiniplex_staircase_pool_2, grunt_megastairs_2
Lair:5:   layout_gridlike, chequers_serial_rivers_room_a, lemuel_centaur_altar,
          uniq_kirke
Orc:1:    layout_diamond_mine, mines2_david
Orc:2:    st_orc_town, layout_diamond_mine, basic_altar,
          gammafunk_ghost_abyssal_escape

Skill      XL: |  1  2  3  4  5  6  7  8  9 10 11 12 13 14 15 |
---------------+----------------------------------------------+-----
Fighting       | 5 6 7 8 10 12 17 18 19 21 | 21.0
Maces & Flails | 4 7 9 11 | 11.0
Armour         | 6 9 11 | 11.0
Throwing       | 6 |  6.4
Axes           | 5 9 |  9.3
Dodging        | |  2.6

Action                   |  1- 3 |  4- 6 |  7- 9 | 10-12 | 13-15 || total
-------------------------+-------+-------+-------+-------+-------++-------
Melee: Hand axe          |    75 |   121 |       |       |       ||   196
       Short sword       |       |    11 |       |       |       ||    11
       War axe           |       |    37 |       |       |       ||    37
       Giant spiked club |       |       |    62 |   219 |   243 ||   524
       Mace              |       |       |   293 |   128 |   277 ||   698
       Flail             |       |       |       |   363 |    50 ||   413
       Morningstar       |       |       |       |     7 |       ||     7
       Executioner's axe |       |       |       |       |   299 ||   299
       Eveningstar       |       |       |       |       |   147 ||   147
       Unarmed           |       |       |       |       |     2 ||     2
Invok: Berserk           |     2 |     3 |     6 |    10 |     9 ||    30
       Trog's Hand       |       |       |       |     1 |     2 ||     3
Evoke: Wand              |       |       |       |     1 |     1 ||     2
  Use: Scroll            |       |       |    18 |     9 |    12 ||    39
       Potion            |       |       |       |     2 |     3 ||     5
 Stab: Sleeping          |     1 |       |       |       |       ||     1
Armor: Animal skin       |    22 |    45 |       |       |       ||    67
       Storm dragon scal |       |    25 |   212 |   638 |   939 ||  1814
Dodge: Dodged            |    43 |    95 |   103 |   293 |   641 ||  1175
       Repelled          |       |       |       |       |     4 ||     4

Table legend: (Time is in decaauts)
 A = Elapsed time spent in this place.
 B = Non-inter-level travel time spent in this place.
 C = Inter-level travel time spent in this place.
 D = Time resting spent in this place.
 E = Time spent auto-exploring this place.
 F = Levels seen in this place.
 G = Mean time per level.
                   A        B        C        D        E       F      G
               +--------+--------+--------+--------+--------+-----+--------+
         Total |  24378 |  23469 |    909 |   3234 |  14791 |  23 | 1059.9 |
       Dungeon |  16181 |  15681 |    500 |   2580 |   9846 |  13 | 1244.7 |
        Temple |      1 |      1 |      0 |      0 |      0 |   1 |    1.0 |
          Lair |   4776 |   4528 |    248 |     24 |   3450 |   5 |  955.2 |
  Orcish Mines |   2256 |   2095 |    161 |    306 |   1086 |   2 | 1128.0 |
         Abyss |     60 |     60 |      0 |      7 |      0 |   1 |   60.0 |
      Ice Cave |   1102 |   1102 |      0 |    316 |    409 |   1 | 1102.0 |
               +--------+--------+--------+--------+--------+-----+--------+

Top non-repeatable levels by time:
     D:8: 2295 daAuts
    D:10: 1683 daAuts
    D:13: 1623 daAuts
   Orc:2: 1580 daAuts
     D:3: 1395 daAuts
  Lair:2: 1308 daAuts
  Lair:4: 1239 daAuts
     D:9: 1224 daAuts
  Lair:3: 1127 daAuts
     D:5: 1118 daAuts
   IceCv: 1102 daAuts
     D:7: 1076 daAuts
    D:12: 1065 daAuts
     D:6: 1047 daAuts
    D:11: 1010 daAuts
